 Dungeon Crawl Stone Soup version 0.28-a0-1510-gd0f6b136d3 (webtiles) character file.

Game seed: 11213356945755891503

66 croobank the Skirmisher (level 4, -11/31 HPs)
             Began as an Octopode Cinder Acolyte on Jan 15, 2022.
             Was a High Priest of Ignis.
             Mangled by a gnoll (12 damage)
             ... on level 1 of the Dungeon.
             The game lasted 00:04:44 (1714 turns).

croobank the Skirmisher (Octopode Cinder Acolyte)   Turns: 1714, Time: 00:04:45

Health: -11/31     AC:  1    Str: 13    XL:     4   Next: 15%
Magic:  6/6        EV: 12    Int: 18    God:    Ignis [*****.]
Gold:   70         SH:  0    Dex:  7    Spells: 4/6 levels left

rFire   + . .      SeeInvis .   a - -1 hand axe (flame)
rCold   . . .      Faith    .   (no shield)
rNeg    . . .      Spirit   .   (helmet restricted)
rPois   .          Reflect  .   (no amulet)
rElec   .          Harm     .   (no ring)
rCorr   .          Rampage  .   (no ring)
Will    .....                   (no ring)
Stlth   ++........              (no ring)
HPRegen 0.10/turn               (no ring)
MPRegen 0.10/turn               (no ring)
                                (no ring)
                                (no ring)

@: no status effects
A: almost no armour, amphibious, 8 rings, camouflage 1, gelatinous body 1,
(nimble swimmer 1), tentacles
a: Renounce Religion, Fiery Armour, Foxfire Swarm, Rising Flame


You were on level 1 of the Dungeon.
You worshipped Ignis.
Ignis was extremely pleased with you.
You visited 1 branch of the dungeon, and saw 2 of its levels.

You collected 70 gold pieces.

Inventory:

Hand Weapons
 a - a -1 hand axe of flaming (weapon)
Missiles
 b - 38 stones (quivered)
 c - 2 throwing nets
Scrolls
 d - 3 scrolls of teleportation {unknown}


   Skills:
 + Level 3.5 Fighting
 + Level 3.5 Axes
 + Level 1.8 Spellcasting
 + Level 3.5 Fire Magic


You had 4 spell levels left.
You knew the following spells:

 Your Spells              Type           Power      Damage    Failure   Level
a - Scorch                Fire           28%        2d6       6%          2

Your spell library contained the following spells:

 Spells                   Type           Power      Damage    Failure   Level
 Ozocubu's Armour         Ice            1%         N/A       50%         3
 Metabolic Englaciation   Hex/Ice        0%         N/A       99%         5
 Simulacrum               Ice/Necr       0%         N/A       100%        6


Dungeon Overview and Level Annotations

Branches:
Dungeon (2/15)

Altars:


Innate Abilities, Weirdness & Mutations

You cannot wear most types of armour.
You are amphibious.
You can wear up to eight rings at the same time.
Your skin changes colour to match your surroundings (Stealth+).
Your rubbery body absorbs attacks. (AC +1, EV +1)
((You are camouflaged when in or above water. (Stealth+)))
You have tentacles for arms and can constrict up to eight enemies at once.


Message History

You kill the goblin!
A gnoll comes into view. It is wielding a +0 spear.
You see here a +0 dagger.
The gnoll shouts!
You hear a shout!
You see here a +0 dagger.
You aren't carrying any potions.
Okay, then.
There is a stone staircase leading down here.
There is a stone staircase leading up here.
The gnoll closely misses you.
You hit the gnoll. You burn the gnoll. You grab the gnoll.
You squeeze the gnoll!
You kill the gnoll!
A gnoll comes into view. It is wielding a +0 halberd.
The gnoll shouts!
A gnoll comes into view. It is wielding a +0 flail.
There is a stone staircase leading up here.
A gnoll comes into view. It is wielding a +0 club.
There is a stone staircase leading up here.
The gnoll completely misses you.
There is a stone staircase leading up here.
You hit the gnoll. You burn the gnoll. You grab the gnoll.
The gnoll is moderately wounded.
You constrict the gnoll. The gnoll hits you with a +0 halberd.
You hit the gnoll. You burn the gnoll. You squeeze the gnoll.
You kill the gnoll!
You have reached level 4!
You barely miss the gnoll. You grab the gnoll.
You constrict the gnoll, but do no damage.
The gnoll hits you with a +0 flail!
* * * LOW HITPOINT WARNING * * *
You release your grip on the gnoll.
The gnoll hits you with a +0 flail.
* * * LOW HITPOINT WARNING * * *
You climb upwards.
There is a stone staircase leading down here.
You barely miss the gnoll. Your grab misses the gnoll.
The gnoll hits you with a +0 flail!
* * * LOW HITPOINT WARNING * * *
The gnoll hits you with a +0 flail!
You die...

######### #.......#
#.#####.##
####.........
#.......##†##
#.##.##.##.#
#.##.##.##.## ###
#.##......... ##@##
#.##.##.##.##
##g#.###.##.##.#....
#.###....##.##.#...#
##.#.######.##.#...#
##.## #.##.#...#
##.#.## #....#...#
##.###.## ####......
#.## ##.# #.#....
##.###.## #†#...#


You could see a gnoll.

Vanquished Creatures
  2 gnolls (D:2)
  An adder (D:2)
  2 dart slugs (D:1)
  4 bats
  3 endoplasms
  2 giant cockroaches (D:1)
  3 hobgoblins
  4 jackals (D:2)
  2 quokkas
  A ball python (D:1)
  A frilled lizard (D:2)
  2 goblins (D:2)
  2 kobolds
  3 rats
32 creatures vanquished.

Notes
Turn   | Place    | Note
-------+----------+-------------------------------------------
     0 | D:1      | croobank the Octopode Cinder Acolyte began the quest for
                  | the Orb.
     0 | D:1      | Reached XP level 1. HP: 16/16 MP: 2/2
   491 | D:1      | Reached XP level 2. HP: 11/21 MP: 3/3
   852 | D:1      | Learned a level 2 spell: Scorch
  1157 | D:1      | You fall into a shaft and drop 1 floor!
  1180 | D:2      | Reached XP level 3. HP: 18/26 MP: 0/5
  1711 | D:2      | Reached XP level 4. HP: 16/31 MP: 6/6
  1714 | D:1      | HP: 1/31 [gnoll (7)]
  1714 | D:1      | Mangled by a gnoll

Illustrated notes

Levels and vault maps discovered:
D:1:      erik_arrival_orb_chamber, layout_loops_ring
D:2:      layout_rooms, nicolae_concentric_dashed_squares_wild

Action                   |  1- 3 |  4- 6 || total
-------------------------+-------+-------++-------
Melee: Hand axe          |    53 |     2 ||    55
       Constrict         |    16 |     1 ||    17
       Tentacles         |    12 |       ||    12
       Punch             |     1 |       ||     1
 Cast: Scorch            |     4 |       ||     4
 Stab: Sleeping          |     2 |       ||     2
Armor: Skin              |    11 |       ||    11
Dodge: Dodged            |    39 |       ||    39

Table legend: (Time is in decaauts)
 A = Elapsed time spent in this place.
 B = Non-inter-level travel time spent in this place.
 C = Inter-level travel time spent in this place.
 D = Time resting spent in this place.
 E = Time spent auto-exploring this place.
 F = Levels seen in this place.
 G = Mean time per level.
                   A        B        C        D        E       F      G
               +--------+--------+--------+--------+--------+-----+--------+
         Total |   1724 |   1673 |     51 |    524 |    880 |   2 |  862.0 |
       Dungeon |   1724 |   1673 |     51 |    524 |    880 |   2 |  862.0 |
               +--------+--------+--------+--------+--------+-----+--------+

Top non-repeatable levels by time:
     D:1: 1559 daAuts
     D:2: 164 daAuts
